 Dungeon Crawl Stone Soup version 0.31.0-32-g396128a36d (webtiles) character file.

Game seed: 16110970398219425989

859 Logoto the Cleaver (level 8, -6/63 (68) HPs)
             Began as a Hill Orc Berserker on Mar 28, 2024.
             Was a Believer of Trog.
             Mangled by an iguana (8 damage)
             ... on level 7 of the Dungeon.
             The game lasted 00:12:17 (4843 turns).

Logoto the Cleaver (Hill Orc Berserker)             Turns: 4843, Time: 00:12:18

HP:   -6/63 (68)    AC: 15    Str: 28    XL:     8   Next: 2%
MP:   8/8           EV: 11    Int:  7    God:    Trog [**....]
Gold: 316           SH:  0    Dex: 10    Spells: 7/7 levels left

rFire   + . .        l - +0 war axe
rCold   . . .        (no shield)
rNeg    . . .        w - +0 ring mail
rPois   .            h - +0 helmet
rElec   .            e - +0 cloak
rCorr   .            c - +0 pair of gloves
SInv    .            (no boots)
Will    .....        (no amulet) Stlth
                     f - +4 ring of protection
HPRegen 0.30/turn    k - +6 ring of strength
MPRegen 0.11/turn

%: no passive effects
@: on berserk cooldown, slowed, drained, very slow
A: iridescent scales 1, fire resistance 1, persistent drain
a: Renounce Religion, Berserk, Trog's Hand


You were on level 7 of the Dungeon.
You worshipped Trog.
Trog was pleased with you.
You visited 1 branch of the dungeon, and saw 6 of its levels.

You collected 316 gold pieces.

Inventory:

Hand Weapons
 a - a +0 hand axe
 l - a +0 war axe (weapon)
Armour
 c - a +0 pair of gloves (worn)
 e - a +0 cloak (worn)
 h - a +0 helmet (worn)
 w - a +0 ring mail (worn)
Jewellery
 f - a +4 ring of protection (left hand)
 g - a +6 ring of dexterity
 k - a +6 ring of strength (right hand)
 m - a ring of see invisible
Wands
 u - a wand of flame (42)
 x - a wand of charming (24)
Scrolls
 b - 2 scrolls of teleportation
 d - a scroll of amnesia {unknown}
 i - a scroll of enchant weapon {unknown}
 n - 2 scrolls of fear {unknown}
 q - a scroll of silence {unknown}
 s - a scroll of noise {unknown}
 t - a scroll of immolation {unknown}
 v - 2 scrolls of identify
 y - a scroll of fog {unknown}
Potions
 j - a potion of heal wounds {unknown}
 o - a potion of mutation
 p - a potion of curing {unknown}
 r - a potion of ambrosia {unknown}


   Skills:
 + Level 5.1 Fighting
 * Level 9.7 Axes
 * Level 4.7 Armour
 + Level 2.5 Dodging


You had 7 spell levels left.
You didn't know any spells.
Your spell library was empty.

Dungeon Overview and Level Annotations

Branches:
Dungeon (7/15)
 Temple: D:4-7

Altars:
Makhleb
Trog
Wu Jian

Shops:
D:2 *

Annotations:
D:5 2 runed translucent doors
D:7 Jeremiah


Innate Abilities, Weirdness & Mutations

You are partially covered in iridescent scales. (AC +2)
Your flesh is heat resistant. (rF+)
Your health recovers twice as slowly from being drained.


Message History

You feel drained.
You slash Jeremiah!
Jeremiah is heavily wounded.
You completely miss the butterfly. You miss the butterfly.
The butterfly disappears in a burst of colours!
Jeremiah zaps a wand.
Your mind is blasted!
You closely miss Jeremiah.
Jeremiah is heavily wounded.
You miss the butterfly. You barely miss the butterfly.
Jeremiah zaps a wand.
Your mind is blasted!
Jeremiah zaps a wand.
You struggle to resist.
You completely miss Jeremiah. You punch Jeremiah.
Jeremiah is heavily wounded.
You slash the butterfly!
You kill the butterfly!
The butterfly disappears in a burst of colours! x3
Jeremiah throws their arms up pleadingly.
Something smites you! The iguana barely misses you.
Okay, then.
Jeremiah hits you from afar with a +3 trident of draining!
* * * LOW HITPOINT WARNING * * *
You feel drained.
* * * LOW HITPOINT WARNING * * *
The iguana attacks as it pursues you!
The iguana bites you but does no damage.
Jeremiah looks at their weapon with confusion.
Jeremiah barely misses you.
Unknown command.
The butterfly disappears in a burst of colours! x2
The iguana bites you.
* * * LOW HITPOINT WARNING * * *
Jeremiah mumbles a slurred invocation.
Something smites you!
* * * LOW HITPOINT WARNING * * *
The iguana closely misses you.
It was a potion of mutation.
You feel extremely strange.
Iridescent scales grow over part of your body.
You begin to recover more slowly from draining effects.
You feel resistant to heat. The iguana bites you!
You die...

.............# # ..
#.........#.#
..#####...........#...
......########........
......................
.....................
#####.............#...
#.......[..#####......
..##....@.##### ####.#
...bbbbl.?+ .
.....bbb..#
..bbb.F#......#
..b...b######...
...b... . .#.....
#..... #....b


You could see Jeremiah and an iguana.

Vanquished Creatures
  Duvessa (D:5)
  A black bear (D:7)
  The ghost of PaiMei the Grave Robber, an amateur DsNe (D:3)
  A phantom (D:5)
  Dowan (D:5)
  A howler monkey (D:5)
  2 bombardier beetles
  A hound (D:5)
  2 orc priests
  A jelly (D:5)
  Ijyb (D:5)
  3 orc wizards
  5 adders
  2 ufetubi (D:5)
  3 dart slugs
  2 ribbon worms (D:2)
  9 orcs
  3 ball pythons
  4 bats
  7 endoplasms
  3 giant cockroaches
  8 goblins
  4 hobgoblins
  2 jackals (D:4)
  4 quokkas
  2 frilled lizards
  4 kobolds
  6 rats
84 creatures vanquished.

Notes
Turn   | Place    | Note
-------+----------+-------------------------------------------
     0 | D:1      | Logoto the Hill Orc Berserker began the quest for the Orb.
     0 | D:1      | Reached XP level 1. HP: 19/19 MP: 1/1
   285 | D:1      | Reached XP level 2. HP: 26/27 MP: 2/2
  1107 | D:2      | Reached XP level 3. HP: 33/33 MP: 3/3
  1494 | D:2      | Found Ydghynk's General Store.
  1855 | D:3      | Reached skill level 5 in Axes
  1897 | D:3      | Reached XP level 4. HP: 40/40 MP: 4/4
  1980 | D:3      | Reached ** piety under Trog
  2052 | D:3      | Reached skill level 6 in Axes
  2052 | D:3      | Reached XP level 5. HP: 45/46 MP: 5/5
  2363 | D:3      | Found a runed translucent gate.
  2363 | D:3      | Found a runed translucent gate.
  2364 | D:3      | Found a runed translucent gate.
  2364 | D:3      | Noticed PaiMei's ghost (amateur DsNe)
  2381 | D:3      | Killed PaiMei's ghost
  2382 | D:3      | Reached skill level 7 in Axes
  2382 | D:3      | Reached XP level 6. HP: 17/53 MP: 6/6
  2388 | D:3      | HP: 2/79 [poisoned by PaiMei's ghost]
  2602 | D:3      | Found a bloodstained altar of Trog.
  3186 | D:4      | Found a burning altar of Makhleb.
  3782 | D:4      | Found an ornate altar of the Wu Jian Council.
  3984 | D:5      | Entered Level 5 of the Dungeon
  3996 | D:5      | Noticed Ijyb
  4015 | D:5      | Killed Ijyb
  4095 | D:5      | Found a runed translucent door.
  4096 | D:5      | Found a runed translucent door.
  4136 | D:5      | Reached skill level 8 in Axes
  4140 | D:5      | Reached XP level 7. HP: 60/60 MP: 7/7
  4544 | D:5      | Noticed Duvessa
  4544 | D:5      | Noticed Dowan
  4551 | D:5      | Killed Duvessa
  4569 | D:5      | Killed Dowan
  4570 | D:5      | Reached skill level 5 in Fighting
  4570 | D:5      | Reached skill level 9 in Axes
  4809 | D:5      | You fall into a shaft and drop 2 floors!
  4828 | D:7      | Noticed Jeremiah
  4829 | D:7      | Reached XP level 8. HP: 68/68 MP: 8/8
  4842 | D:7      | HP: 2/63 [Jeremiah/divine providence (11)]
  4843 | D:7      | Gained mutation: You are partially covered in iridescent
                  | scales. (AC +2) [potion of mutation]
  4843 | D:7      | Gained mutation: Your health recovers twice as slowly from
                  | being drained. [potion of mutation]
  4843 | D:7      | Gained mutation: Your flesh is heat resistant. (rF+)
                  | [potion of mutation]
  4843 | D:7      | Mangled by an iguana

Illustrated notes

Levels and vault maps discovered:
D:1:      dpeg_arrival_arbitrary_b, layout_loops_corners
D:2:      layout_basic, serial_shops, nicolae_shop_behind_doors,
          hex_intersection
D:3:      layout_basic, mainiacjoe_overflow_alcove_2, ebering_ghost_rock_garden
D:4:      layout_cave_pools, mainiacjoe_overflow_catwalk, lemuel_crystal_altar,
          dreamdust_princess_corridor, chequers_serial_rivers_small_b,
          grunt_decor_arrowhead
D:5:      lemuel_insect_pit, layout_loops_cross, uniq_ijyb, uniq_duvessa
D:7:      layout_basic, mainiacjoe_overflow_surrounded_room, minmay_small_thing,
          uniq_crazy_yiuf_cottage, uniq_jeremiah

Skill      XL: |  1  2  3  4  5  6  7 |
---------------+----------------------+-----
Fighting       | 4 5 |  5.1
Axes           | 5 6 7 8 9 |  9.7
Armour         | 3 4 |  4.7
Dodging        | 2 |  2.5

Action                     |  1- 3 |  4- 6 |  7- 9 || total
---------------------------+-------+-------+-------++-------
  Melee: Hand axe          |   115 |   157 |     3 ||   275
         Punch             |       |     1 |     1 ||     2
         War axe           |       |       |    36 ||    36
 Invoke: Berserk           |     3 |     5 |     2 ||    10
    Use: Potion            |       |     2 |     1 ||     3
         Scroll            |       |     2 |       ||     2
 Armour: Leather armour    |    67 |    55 |       ||   122
         Animal skin       |     3 |       |       ||     3
         Ring mail         |       |    22 |    34 ||    56
  Dodge: Dodged            |    57 |    60 |    20 ||   137
